 Dungeon Crawl Stone Soup version 0.28-a0-535-g6f645e4c1d (webtiles) character file.

Game seed: 1437856944790547098

198 Zenkrye the Chopper (level 5, -6/44 HPs)
             Began as a Palentonga Fighter on Sept 26, 2021.
             Mangled by Menkaure (19 damage)
             ... on level 4 of the Dungeon.
             The game lasted 00:07:00 (3485 turns).

Zenkrye the Chopper (Palentonga Fighter)            Turns: 3485, Time: 00:07:00

Health: -6/44      AC:  9    Str: 19    XL:     5   Next: 47%
Magic:  5/5        EV:  5    Int:  9    God:
Gold:   130        SH:  5    Dex: 10    Spells: 4/4 levels left

rFire   . . .      SeeInvis +   a - +1 war axe
rCold   . . .      Faith    .   c - +1 buckler
rNeg    . . .      Spirit   .   d - +0 chain mail
rPois   .          Reflect  .   (no helmet)
rElec   .          Harm     .   g - +0 cloak
rCorr   .          Rampage  .   (no gloves)
Will    .....                   (no barding)
Stlth   ..........              (no amulet)
HPRegen 0.14/turn               (no ring)
MPRegen 0.09/turn               (no ring)

@: no status effects
A: large, rugged brown scales 3, see invisible, deformed body, roll 1, armoured
tail
a: Rolling Charge


You were on level 4 of the Dungeon.
You visited 1 branch of the dungeon, and saw 4 of its levels.

You collected 130 gold pieces.

Inventory:

Hand Weapons
 a - a +1 war axe (weapon)
Missiles
 l - 62 stones (quivered)
Armour
 b - a +0 scale mail
 c - a +1 buckler (worn)
 d - a +0 chain mail (worn)
 g - a +0 cloak (worn)
Scrolls
 n - a scroll of holy word
Potions
 e - 2 potions of cancellation {unknown}
 f - 4 potions of brilliance {unknown}
 h - a potion of magic {unknown}
 i - 2 potions of curing {unknown}
 j - a potion of invisibility {unknown}
 k - a potion of mutation {unknown}
 o - a potion of resistance {unknown}
 p - a potion of attraction {unknown}


   Skills:
 + Level 4.0 Fighting
 * Level 4.2 Axes
 - Level 2.5 Armour
 + Level 3.2 Shields


You had 4 spell levels left.
You didn't know any spells.
Your spell library was empty.

Dungeon Overview and Level Annotations

Branches:
Dungeon (4/15)
 Temple: D:4-7

Altars:

Annotations:
D:4 Menkaure


Innate Abilities, Weirdness & Mutations

You are completely covered in rugged brown scales. (AC +3, +7% HP)
You have supernaturally acute eyesight. (SInv)
Armour fits poorly on your strangely shaped body.
You can roll at nearby foes to attack.
You have a long armoured tail.


Message History

Found a stone staircase leading up.
Found a stone staircase leading down.
q - a scroll labelled EHA QUPHEQIA
There is a stone staircase leading down here.
Found a stone staircase leading down.
There is a dry fountain here.
Items here: )))) [[.
As you read the scroll labelled XIFRY NEGRAPES, it crumbles to dust.
It is a scroll of enchant weapon.
Your +0 war axe glows red for a moment.
As you read the scroll labelled EHA QUPHEQIA, it crumbles to dust.
You hear a loud clanging noise!
It was a scroll of noise.
You hear an angry hiss.
There is a fountain of clear blue water here.
There is a stone staircase leading down here.
You climb downwards.
There is a stone staircase leading up here.
You open the door.
There is an open door here.
Found a stone staircase leading down.
You open the door.
Menkaure, Prince of Dust comes into view.
Menkaure calls on the powers of darkness!
Your body is wracked with pain!
There is an open door here.
Roll where?
Press: ? - help, Dir - move target, f - Menkaure
Aim: Menkaure You roll forward with a clatter of scales!
You slash Menkaure!
Menkaure is moderately damaged.
Menkaure sighs, "Let me perform the rites..."
Menkaure calls on the powers of darkness!
Your body is wracked with pain!
* * * LOW HITPOINT WARNING * * *
You barely miss Menkaure.
Menkaure is moderately damaged.
Menkaure hits you!!
You die...

#......# #......#
#......# #......#
####......#
.........<#########
#######'###........
#.# #M....... #.#
#@....... #.#
#°.......
###.###○.......
#.....°........
#.#.###........
#.#.# #........
#.#.# .........
#.#># ......#..
#.#.# .....#


You could see Menkaure.

Vanquished Creatures
  An orc priest (D:3)
  An orc wizard (D:3)
  4 gnolls
  3 adders
  2 worms
  3 orcs (D:3)
  4 ball pythons
  6 bats
  8 endoplasms
  A giant cockroach (D:1)
  5 goblins
  6 hobgoblins
  11 kobolds
  5 quokkas
  4 frilled lizards
  9 rats
73 creatures vanquished.

Notes
Turn   | Place    | Note
-------+----------+-------------------------------------------
     0 | D:1      | Zenkrye the Palentonga Fighter began the quest for the Orb.
     0 | D:1      | Reached XP level 1. HP: 19/19 MP: 1/1
   243 | D:1      | Reached XP level 2. HP: 16/25 MP: 2/2
   766 | D:1      | Found a faded altar of an unknown god.
  1015 | D:1      | Reached XP level 3. HP: 10/31 MP: 3/3
  1949 | D:2      | Reached XP level 4. HP: 37/37 MP: 4/4
  2590 | D:3      | Reached XP level 5. HP: 14/44 MP: 5/5
  3483 | D:4      | Noticed Menkaure
  3485 | D:4      | Mangled by Menkaure

Illustrated notes

Levels and vault maps discovered:
D:1:      wander_arrival_chamber, layout_basic, ebering_ecumenical_altar_mist
D:2:      minmay_skewed_foursquare, layout_basic
D:3:      layout_rooms, grunt_decor_mini_mirrors
D:4:      layout_basic, minmay_temple_entry_mini_moons, uniq_menkaure

Skill      XL: |  1  2  3  4  5 |
---------------+----------------+-----
Axes           | 3 4 |  4.2
Shields        | 3 |  3.2
Fighting       | 4 |  4.0
Armour         | |  2.5

Action                   |  1- 3 |  4- 6 || total
-------------------------+-------+-------++-------
Melee: War axe           |   119 |   104 ||   223
       Tailslap          |    11 |    13 ||    24
Throw: Stone             |     6 |    68 ||    74
 Abil: Rolling Charge    |    14 |     5 ||    19
  Use: Scroll            |       |     5 ||     5
       Potion            |       |     1 ||     1
Armor: Scale mail        |    64 |    32 ||    96
       Chain mail        |       |    21 ||    21
Dodge: Dodged            |    46 |    23 ||    69
Block: Buckler           |    25 |    23 ||    48

Table legend: (Time is in decaauts)
 A = Elapsed time spent in this place.
 B = Non-inter-level travel time spent in this place.
 C = Inter-level travel time spent in this place.
 D = Time resting spent in this place.
 E = Time spent auto-exploring this place.
 F = Levels seen in this place.
 G = Mean time per level.
                   A        B        C        D        E       F      G
               +--------+--------+--------+--------+--------+-----+--------+
         Total |   3573 |   3475 |     98 |    694 |   2122 |   4 |  893.2 |
       Dungeon |   3573 |   3475 |     98 |    694 |   2122 |   4 |  893.2 |
               +--------+--------+--------+--------+--------+-----+--------+

Top non-repeatable levels by time:
     D:1: 1516 daAuts
     D:2: 1111 daAuts
     D:3: 926 daAuts
     D:4: 19 daAuts
